 Dungeon Crawl Stone Soup version 0.29-a0-371-g91724d5b39 (webtiles) character file.

Game seed: 16141563112882740424

260 spaghetti the Chopper (level 6, -19/56 HPs)
             Began as a Hill Orc Chaos Knight on May 2, 2022.
             Was a Plaything of Xom.
             Demolished by an ogre
             ... wielding a +0 giant club
              (31 damage)
             ... on level 4 of the Dungeon.
             The game lasted 00:04:30 (2939 turns).

spaghetti the Chopper (Hill Orc Chaos Knight)       Turns: 2939, Time: 00:04:31

Health: -19/56     AC:  5    Str: 17    XL:     6   Next: 17%
Magic:  6/6        EV:  7    Int: 12    God:    Xom [.*....]
Gold:   69         SH: 11    Dex: 10    Spells: 5/5 levels left

rFire   . . .      SeeInvis .   a - +0 hand axe (chaos) {axe}
rCold   . . .      Faith    .   r - +1 tower shield
rNeg    . . .      Spirit   .   b - +2 leather armour
rPois   .          Reflect  .   (no helmet)
rElec   .          Harm     .   (no cloak)
rCorr   .          Rampage  .   (no gloves)
Will    .....                   (no boots)
Stlth   +.........              (no amulet)
HPRegen 0.18/turn               (no ring)
MPRegen 0.10/turn               (no ring)

@: no status effects
A: no striking features
a: Renounce Religion


You were on level 4 of the Dungeon.
You worshipped Xom.
You were a plaything of Xom.
You visited 1 branch of the dungeon, and saw 4 of its levels.

You collected 69 gold pieces.


   Skills:
 + Level 5.2 Fighting
 + Level 6.1 Axes
 + Level 4.1 Armour
 - Level 0.7 Dodging
 + Level 1.2 Shields


You had 5 spell levels left.
You didn't know any spells.
Your spell library was empty.

Inventory:

Hand Weapons
 a - a +0 hand axe of chaos (weapon) {axe}
Missiles
 j - 46 stones {throwing}
 n - 4 poisoned darts {throwing}
Armour
 b - a +2 leather armour (worn)
 r - a +1 tower shield (worn)
   (You found it on level 3 of the Dungeon)
Scrolls
 d - a scroll of magic mapping {!r}
 g - a scroll of enchant armour
 h - a scroll of immolation {!r!r}
 m - a scroll of teleportation {@r4}
Potions
 f - a potion of lignification {unknown}
 i - a potion of flight {unknown}
 k - a potion of cancellation {unknown}
 q - a potion of brilliance {unknown}
Miscellaneous
 c - a piece from Xom's chessboard (14/15) (quivered)

Dungeon Overview and Level Annotations

Branches:
Dungeon (4/15)
 Temple: D:4-7

Altars:

#.......)..# #..
..#.########.# #..
..#.# #.# #... ..#.#
#.# #... ..#.# #<#
#...###..#.# #.#
#.#......#.# #.#
#.#......###.########.#
#...b.O@..............#
.............##########
.##..b.........#
...<.........#.#
.##......#####.#####
#.###............# ##
########.###.# #.###.#
#.....#


You could see an ogre (berserk, ally target).


Message History

The gnoll hits you with a +0 flail!
* * * LOW HITPOINT WARNING * * *
You block the gnoll's attack. 😨 HP[-8]
You take 8 damage, and now have 19/56 hp.
You hit the gnoll. Lightning courses through the gnoll!
You kill the gnoll!
You start resting.
A kobold comes into view. It is wielding a +0 whip. 😨 HP[+5]
You regained 5 hp, and now have 24/56 hp.
A kobold is nearby!
The kobold shouts! 😨 HP[+1]
There is an escape hatch in the floor here.
You slide downwards.
The hatch slams shut behind you.
Unknown command.
Unknown command.
You start resting. 😎 HP[+31]
Your hp is fully restored (56).
You see here a +0 spear {polearm}.
Found an escape hatch in the ceiling.
There is an escape hatch in the ceiling here.
Key pressed, stopping explore.
An orc comes into view. It is wielding a +0 club.
Found a stone staircase leading up.
The orc shouts!
A dart slug comes into view.
There are monsters nearby!
A hobgoblin comes into view.
The hobgoblin shouts!
An ogre comes into view. It is wielding a +0 giant club.
You block the orc's attack.
The ogre shouts!
You hit the orc. You drain the orc. You block the orc's attack.
The dart slug launches a dart at you. The slug dart misses you.
You barely miss the orc. The orc hits you with a +0 club.
The dart slug launches a dart at you. The slug dart hits you.
You are too injured to fight recklessly! 😕 HP[-3]
You take 3 damage, and now have 53/56 hp.
You are too injured to fight recklessly!
You are too injured to fight recklessly!
You are too injured to fight recklessly!
You are too injured to fight recklessly!
You are too injured to fight recklessly!
You are too injured to fight recklessly!
You are too injured to fight recklessly!
You are too injured to fight recklessly!
You are too injured to fight recklessly!
You are too injured to fight recklessly!
You are too injured to fight recklessly!
Unknown command.
You hit the orc but do no damage. The orc hits you with a +0 club. x2
The dart slug launches a dart at you. You block the slug dart. 😕 HP[-4]
You take 4 damage, and now have 49/56 hp.
You hit the orc. You burn the orc.
You kill the orc!
You hit the hobgoblin. You drain the hobgoblin.
The hobgoblin hits you. 😕 HP[-1]
You take 1 damage, and now have 48/56 hp.
You hit the hobgoblin but do no damage.
The hobgoblin suddenly seems more agile.
Xom thinks this is hilarious!
You hit the dart slug. You freeze the dart slug.
You block the hobgoblin's attack. The dart slug launches a dart at you.
The slug dart hits you. The hobgoblin hits you.
The ogre hits you with a +0 giant club!
* * * LOW HITPOINT WARNING * * *
A shower of butterflies erupts from you! 😨 HP[-20]
You take 20 damage, and now have 28/56 hp.
MASSIVE DAMAGE!! (PAUSE)
Okay, then.
You hit the ogre.
The ogre goes berserk!
You hit the dart slug. You freeze the dart slug.
You kill the dart slug!
You hit the hobgoblin. You burn the hobgoblin.
You kill the hobgoblin!
The ogre hits you with a +0 giant club!
* * * LOW HITPOINT WARNING * * *
😱 HP[-16]
You take 16 damage, and now have 12/56 hp.
MASSIVE DAMAGE!! (PAUSE) Unknown command.
Okay, then.
Okay, then.
Okay, then.
You make a move on Xom's chessboard...
The ogre resists with some effort.
The ogre hits you with a +0 giant club!!
Ouch! That really hurt!
You die...
Xom bursts into laughter!

Skill      XL: |  1  2  3  4  5 |
---------------+----------------+-----
Fighting       | 4 5 |  5.2
Axes           | 5 6 |  6.1
Armour         | 3 4 |  4.1
Shields        | 1 |  1.2
Dodging        | |  0.7

Action                   |  1- 3 |  4- 6 || total
-------------------------+-------+-------++-------
Melee: Hand axe          |    68 |   117 ||   185
       Punch             |       |     1 ||     1
Evoke: Piece from Xom's  |       |     1 ||     1
  Use: Potion            |     1 |     1 ||     2
       Scroll            |       |     6 ||     6
Armor: Leather armour    |    36 |    51 ||    87
Dodge: Dodged            |    32 |    43 ||    75
Block: Tower shield      |       |    31 ||    31

Levels and vault maps discovered:
D:1:      roderic_crop_circles_arrival_small, layout_basic,
          ebering_ecumenical_altar_hall
D:2:      layout_basic, kennysheep_generic_room_14
D:3:      layout_loops_ring, serial_undead, serial_undead_d, serial_undead_b,
          serial_undead_a, serial_undead_f, serial_undead_e, serial_undead_e
D:4:      layout_basic, gammafunk_ghost_split, minmay_misc_feat_plants,
          grunt_ministairs_14

Notes
Turn   | Place    | Note
-------+----------+-------------------------------------------
     0 | D:1      | spaghetti the Hill Orc Chaos Knight began the quest for the
                  | Orb.
     0 | D:1      | Reached XP level 1. HP: 19/19 MP: 1/1
     0 | D:1      | magus.rc [v1.9.6]
    49 | D:1      | XOM: potion effect (heal wounds)
   241 | D:1      | Reached XP level 2. HP: 23/27 MP: 2/2
   285 | D:1      | XOM: noise
   442 | D:1      | XOM: silly message
   637 | D:1      | Found a faded altar of an unknown god.
  1276 | D:2      | Reached skill level 4 in Fighting
  1276 | D:2      | Reached skill level 5 in Axes
  1276 | D:2      | Reached skill level 3 in Armour
  1276 | D:2      | Reached XP level 3. HP: 17/33 MP: 3/3
  1394 | D:2      | XOM: silly message
  1435 | D:2      | Reached XP level 4. HP: 41/41 MP: 4/4
  1448 | D:2      | XOM: 6-stop teleportation journey
  1647 | D:2      | XOM: silly message
  1770 | D:2      | XOM: 2-stop teleportation journey
  2113 | D:3      | XOM: divination: detect creatures
  2238 | D:3      | XOM: potion effect (brilliance)
  2245 | D:3      | Reached XP level 5. HP: 35/47 MP: 5/5
  2247 | D:3      | Reached skill level 5 in Fighting
  2373 | D:3      | XOM: smoke on damage
  2484 | D:3      | XOM: cloud trail
  2570 | D:3      | XOM: divination: magic mapping
  2572 | D:3      | Reached skill level 4 in Armour
  2575 | D:3      | Reached skill level 6 in Axes
  2576 | D:3      | HP: 12/48 [hound (1)]
  2578 | D:3      | Reached skill level 1 in Shields
  2578 | D:3      | Reached XP level 6. HP: 15/56 MP: 6/6
  2681 | D:3      | XOM: 1-stop teleportation journey
  2937 | D:4      | XOM: butterfly on damage
  2938 | D:4      | HP: 12/56 [ogre/+0 giant club (16)]
  2939 | D:4      | Demolished by an ogre

Vanquished Creatures
  A centaur zombie (D:3)
  2 hounds
  An orc wizard (D:3)
  A scorpion zombie (D:3)
  A hound skeleton (D:3)
  4 gnolls (D:3)
  2 adders
  3 adder skeletons (D:3)
  A dart slug (D:4)
  3 orcs
  2 endoplasms
  A goblin (D:1)
  2 hobgoblins
  3 jackals (D:1)
  3 quokkas
  4 ball pythons (D:2)
  A ball python skeleton (D:3)
  5 bats
  3 frilled lizards
  4 kobolds
  3 rats
50 creatures vanquished.

Vanquished Creatures (others)
  4 withered plants (D:3)
4 creatures vanquished.

Grand Total: 54 creatures vanquished

Table legend:
 A = Non-vault XP
 B = Vault XP
 C = Vault XP percentage of total XP
 D = Non-vault monster count
 E = Vault monster count
 F = Vault count percentage of total count
                 A         B        C        D         E       F
            +---------+---------+-------+---------+---------+-------
      Total |     257 |     115 |  30.9 |      41 |       9 |  18.0
            +---------+---------+-------+---------+---------+-------
        D:1 |      22 |       0 |   0.0 |      15 |       0 |   0.0
        D:2 |      66 |       1 |   1.5 |      10 |       1 |   9.1
        D:3 |     162 |     112 |  40.9 |      14 |       7 |  33.3
        D:4 |       7 |       2 |  22.2 |       2 |       1 |  33.3
            +---------+---------+-------+---------+---------+-------

Illustrated notes

Table legend:
 A = Kills in this place as a percentage of kills in entire the game.
 B = Kills by you in this place as a percentage of kills by you in the entire game.
 C = Kills by friends in this place as a percentage of kills by friends in the entire game.
 D = Other kills in this place as a percentage of other kills in the entire game.
 E = Experience gained in this place as a percentage of experience gained in the entire game.
 F = Experience gained in this place divided by the number of levels of this place that you have seen.
                   A       B       C       D       E      F
               +-------+-------+-------+-------+-------+----------------------
         Total | 100.0 | 100.0 |   N/A |   N/A | 100.0 |  93.0
       Dungeon | 100.0 | 100.0 |   N/A |   N/A | 100.0 |  93.0
               +-------+-------+-------+-------+-------+----------------------

Table legend: (Time is in decaauts)
 A = Elapsed time spent in this place.
 B = Non-inter-level travel time spent in this place.
 C = Inter-level travel time spent in this place.
 D = Time resting spent in this place.
 E = Time spent auto-exploring this place.
 F = Levels seen in this place.
 G = Mean time per level.
                   A        B        C        D        E       F      G
               +--------+--------+--------+--------+--------+-----+--------+
         Total |   2970 |   2883 |     87 |    675 |   1826 |   4 |  742.5 |
       Dungeon |   2970 |   2883 |     87 |    675 |   1826 |   4 |  742.5 |
               +--------+--------+--------+--------+--------+-----+--------+

Top non-repeatable levels by time:
     D:2: 1086 daAuts
     D:3: 862 daAuts
     D:1: 802 daAuts
     D:4: 218 daAuts
